AoeStats
← Espheni

Arena

509710246Analyzed
2v2 RM · 5d ago on Sep 27, 2026· 27m 44s· 4 players
Game mode
Random Map
Map size
Medium (4 player)
Population
200
Speed
Normal
Resources
Standard
Victory
Conquest
Starting age
Dark Age
Ending age
Imperial Age
RankedLock teamsTeams togetherTeam positionsShared explorationLock speedFull tech treeHidden civsTurbo modeCheats
Victory
Defeat
🇳🇱 Danes · Netherlands
1518
+14
🇨🇴 Saracens · Colombia
1465
+16
🇩🇪 Vietnamese · Germany
1477
-15
🇩🇪 Danes · Germany
1467
-15
Holy Heroin
10:16 Feudal Age
11:04 Loom
14:02 Castle Age
12:16 Double-Bit Axe
12:28 Loom
16:03 Bow Saw
18:06 Fletching
18:21 Horse Collar
20:37 Scale Mail Armor
21:53 Forging
22:57 Chain Mail Armor
23:07 Arson
23:30 Squires
26:38 Iron Casting
JairoElChigüi
10:27 Feudal Age
14:36 Castle Age
13:02 Double-Bit Axe
13:40 Loom
14:30 Wheelbarrow
13:41 Horse Collar
14:39 Wheelbarrow
15:46 Bow Saw
19:04 Town Watch
22:15 Fervor
24:54 Fletching
25:24 Redemption
26:23 Sanctity
Espheni
10:02 Feudal Age
13:50 Castle Age
11:58 Horse Collar
12:51 Double-Bit Axe
16:26 Loom
16:52 Heavy Plow
17:56 Bow Saw
19:53 Scale Mail Armor
20:52 Gold Mining
21:36 Squires
22:23 Chain Mail Armor
21:56 Arson
23:03 Wheelbarrow
22:50 Gambesons
24:12 Forging
27:50 Iron Casting
RockAmEdsch
11:18 Feudal Age
12:01 Double-Bit Axe
12:19 Horse Collar
14:49 Castle Age
16:52 Bow Saw
16:48 Scale Barding Armor
17:46 Bloodlines
22:15 Forging
22:05 Loom
23:15 Man-at-Arms
24:32 Iron Casting
23:39 Man-at-Arms
Connection lost

Rejoining the realm…

Still unreachable

The connection could not be restored.

Session expired

The server has moved on; the page needs a fresh start.